AoeStats
← Roronoa Yolo

African Clearing

510425780Analyzed
2v2 RM · 2d ago on Oct 1, 2026· 49m 41s· 4 players
Game mode
Random Map
Map size
Medium (4 player)
Population
200
Speed
Normal
Resources
Standard
Victory
Conquest
Starting age
Dark Age
Ending age
Imperial Age
RankedLock teamsTeams togetherTeam positionsShared explorationLock speedFull tech treeHidden civsTurbo modeCheats
Victory
Defeat
🇫🇷 Dravidians · France
1681
+11
🇨🇴 Goths · Colombia
1680
+11
🇨🇦 Maya · Canada
1603
-12
🇺🇸 Georgians · United States
1542
-10
Roronoa Yolo
8:01 Loom
12:46 Feudal Age
17:20 Castle Age
15:23 Double-Bit Axe
15:29 Horse Collar
16:08 Fletching
18:31 Bodkin Arrow
18:53 Gold Mining
22:44 Padded Archer Armor
29:18 Leather Archer Armor
30:52 Bow Saw
31:32 Ballistics
31:37 Heavy Plow
34:30 Wheelbarrow
33:41 Town Watch
37:10 Imperial Age
36:52 Hand Cart
36:24 Crossbowman
37:49 Thumb Ring
38:00 Bracer
39:04 Chemistry
38:55 Conscription
40:20 Devotion
40:21 Elite Elephant Archer
41:58 Ring Archer Armor
46:23 Hoardings
45:55 Medical Corps
46:55 Masonry
46:41 Murder Holes
47:44 Stone Mining
49:46 Two-Man Saw
NuMa | OliverAtom
5:51 Loom
14:07 Feudal Age
18:11 Castle Age
16:45 Double-Bit Axe
16:40 Horse Collar
19:08 Bow Saw
18:38 Horse Collar
19:48 Wheelbarrow
19:44 Horse Collar
22:28 Heavy Plow
25:31 Town Watch
27:02 Hand Cart
28:41 Town Patrol
30:11 Fervor
32:05 Ballistics
37:03 Imperial Age
35:47 Fletching
35:27 Pikeman
36:09 Squires
36:25 Bodkin Arrow
36:49 Scale Mail Armor
37:00 Forging
37:06 Halberdier
37:48 Perfusion
38:23 Conscription
39:13 Chain Mail Armor
40:42 Chemistry
40:19 Iron Casting
39:19 Capped Ram
40:35 Anarchy
42:33 Blast Furnace
42:05 Bracer
45:51 Elite Huskarl
48:52 Two-Man Saw
Oldspice
12:30 Feudal Age
12:34 Man-at-Arms
13:07 Double-Bit Axe
13:50 Arson
14:42 Loom
15:05 Horse Collar
17:50 Forging
23:43 Castle Age
23:39 Scale Barding Armor
23:45 Light Cavalry
24:51 Bloodlines
24:57 Bow Saw
24:50 Heavy Plow
25:42 Wheelbarrow
26:08 Stone Mining
28:23 Town Watch
31:58 Chain Barding Armor
33:25 Iron Casting
37:39 Imperial Age
36:15 Husbandry
38:16 Hand Cart
38:58 Plate Barding Armor
38:22 Gold Mining
39:07 Conscription
39:03 Elite Monaspa
41:32 Blast Furnace
42:16 Fletching
44:10 Aznauri Cavalry
IVIUSTANG
5:31 Loom
12:42 Feudal Age
14:53 Double-Bit Axe
17:33 Castle Age
16:09 Stone Mining
18:36 Bow Saw
18:51 Fletching
20:56 Padded Archer Armor
22:04 Bodkin Arrow
23:25 Leather Archer Armor
25:46 Wheelbarrow
24:57 Town Watch
27:00 Ballistics
28:20 Horse Collar
30:39 Thumb Ring
34:45 Hand Cart
39:16 Imperial Age
37:08 Masonry
39:59 Bracer
41:03 Chemistry
41:34 Two-Man Saw
41:07 Ring Archer Armor
40:39 Squires
41:38 Pikeman
43:05 Elite Plumed Archer
44:39 Conscription
44:10 Halberdier
46:07 Scale Mail Armor
49:13 Chain Mail Armor
49:09 Forging
Connection lost

Rejoining the realm…

Still unreachable

The connection could not be restored.

Session expired

The server has moved on; the page needs a fresh start.